 Dungeon Crawl Stone Soup version 0.30.1-10-g1249ef9ec4 (webtiles) character file.

Game seed: 1127144861803529533

1899 growler the Zephyrmancer (level 9, -3/52 HPs)
             Began as a Tengu Air Elementalist on Oct 26, 2023.
             Slain by an orc warrior
             ... wielding a +0 halberd
              (11 damage)
             ... on level 7 of the Dungeon.
             The game lasted 00:19:31 (9088 turns).

growler the Zephyrmancer (Tengu Air Elementalist)   Turns: 9088, Time: 00:19:32

Health: -3/52      AC:  3    Str:  8    XL:     9   Next: 15%
Magic:  9/19       EV: 14    Int: 21    God:
Gold:   369        SH:  4    Dex: 14    Spells: 10/20 levels left

rFire   . . .        p - +2 dagger (drain)
rCold   . . .        j - +0 buckler
rNeg    . . .        a - +0 robe
rPois   .            (helmet restricted)
rElec   .            x - +0 cloak
rCorr   .            (no gloves)
SInv    .            (boots unavailable)
Will    .....        o - amulet of regeneration
Stlth   ++           (no ring)
HPRegen 1.08/turn    (no ring)
MPRegen 0.16/turn

%: no passive effects
@: flying quickly and evasively, quick
A: beak, talons 3, nimble flight
a: no special abilities


You were on level 7 of the Dungeon.
You visited 2 branches of the dungeon, and saw 9 of its levels.

You collected 369 gold pieces.

Inventory:

Hand Weapons
 n - a +0 dagger of speed
 p - a +2 dagger of draining (weapon)
 w - a +2 dagger of venom
 E - a +2 dagger of speed
Missiles
 m - 3 throwing nets
Armour
 a - a +0 robe (worn)
 j - a +0 buckler (worn)
 x - a +0 cloak (worn)
Jewellery
 k - a +6 ring of strength
 o - an amulet of regeneration (around neck)
Wands
 B - a wand of roots (23)
Scrolls
 e - 2 scrolls of fear
 g - 5 scrolls of teleportation
 h - 2 scrolls of noise
 l - a scroll of vulnerability
 q - a scroll of butterflies
 r - 6 scrolls of identify
 u - a scroll of fog {unknown}
 v - 2 scrolls of poison {unknown}
 y - a scroll of amnesia {unknown}
 z - a scroll of blinking {unknown}
 C - a scroll of enchant armour {unknown}
 D - a scroll of magic mapping {unknown}
Potions
 b - a potion of magic
 c - a potion of haste
 d - 2 potions of curing
 f - 4 potions of might
 i - 2 potions of berserk rage
 s - 2 potions of mutation
 t - 3 potions of lignification
 A - a potion of resistance
 F - a potion of invisibility {unknown}


   Skills:
 + Level 4.2 Fighting
 - Level 2.1 Dodging
 - Level 2.0 Stealth
 + Level 2.6 Shields
 - Level 6.0 Spellcasting
 - Level 6.0 Conjurations
 + Level 9.8 Air Magic


You had 10 spell levels left.
You knew the following spells:

 Your Spells              Type           Power      Damage    Failure   Level
a - Shock                 Conj/Air       100%       1d9       1%          1
b - Static Discharge      Conj/Air       78%        2-6/arc   1%          2
c - Swiftness             Air            47%        N/A       1%          3
d - Airstrike             Air            23%        2d(4-20)  2%          4

Your spell library contained the following spells:

 Spells                   Type           Power      Damage    Failure   Level
 Stone Arrow              Conj/Erth      36%        3d9       13%         3
 Apportation              Tloc           12%        N/A       16%         1
 Necrotise                Necr           24%        1d5       16%         1
 Sandblast                Erth           12%        2d6       16%         1
 Summon Small Mammal      Summ           24%        N/A       16%         1
 Passwall                 Tmut/Erth      5%         N/A       22%         2
 Sublimation of Blood     Necr           6%         N/A       22%         2
 Wereblood                Tmut           6%         N/A       22%         2
 Summon Forest            Summ/Tloc      3%         N/A       99%         5
 Summon Mana Viper        Hex/Summ       6%         N/A       99%         5
 Summon Cactus Giant      Summ           3%         N/A       100%        6
 Summon Hydra             Summ           3%         N/A       100%        7


Dungeon Overview and Level Annotations

Branches:
Dungeon (8/15)             Temple (1/1) D:4            Lair (0/5) D:8

Altars:
Ashenzari
Cheibriados
Dithmenos
Elyvilon
Fedhas
Gozag
Kikubaaqudgha
Makhleb
Nemelex Xobeh
Okawaru
Qazlal
Ru
Sif Muna
Trog
Vehumet
Wu Jian
Xom
Yredelemnul
Zin
The Shining One

Shops:
D:2 [?:*!   D:3 [   D:4 *   D:5 *   D:7 !


Innate Abilities, Weirdness & Mutations

You have a beak for a mouth.
You have claws for feet.
Your magical nature lets you fly swiftly and evasively.


Message History

The zap misses the orc warrior.
The zap hits the orc warrior.
The orc warrior is heavily wounded.
You block the orc warrior's attack. Something hits you.
The zap hits the orc warrior but does no damage.
The orc warrior is heavily wounded.
The zap hits the orc!
You kill the orc!
The zap hits the orc warrior.
The orc warrior is severely wounded.
The orc warrior barely misses you. Something hits you but does no damage.
Casting: Shock (safe; 1% risk of failure)
Confirm with . or Enter, or press ? or * to list all spells.
Aiming: Shock (safe; 1% risk of failure)
Press: ? - help, Shift-Dir - straight line, f/p - orc warrior
Aim: an orc warrior, wielding a +0 halberd and wearing a +0 plate armour (severely wounded, 74% to hit)
The zap hits the orc warrior.
The orc warrior is severely wounded.
The zap hits the orc warrior.
The orc warrior is almost dead.
The orc warrior hits you from afar with a +0 halberd!
You hear some strange, mumbled words.
A magic dart appears from out of thin air!
The magic dart hits you.
Casting: Shock (safe; 1% risk of failure)
Confirm with . or Enter, or press ? or * to list all spells.
Aiming: Shock (safe; 1% risk of failure)
Press: ? - help, Shift-Dir - straight line, f/p - orc warrior
Aim: an orc warrior, wielding a +0 halberd and wearing a +0 plate armour (almost dead, 74% to hit)
The zap hits something.
Reactivating autopickup.
You feel a bit more experienced.
The zap misses the orc warrior. x2
The orc warrior hits you from afar with a +0 halberd!
* * * LOW HITPOINT WARNING * * *
Something hits you but does no damage.
Deactivating autopickup; reactivate with Ctrl-A.
Okay, then.
Something hits you.
* * * LOW HITPOINT WARNING * * *
The orc warrior hits you from afar with a +0 halberd!
You die...

.. #. .. .#
#####.### #..o....#
#.#o.s#.# #######
###.#.### #.....#
..#.#o.# ##)oo@.#
).#.##o# ...[[....#
.....#.##..##.....#
#.#...........รท...#
#.##h#o#.#.##..####
#..o.o.....##..
###..#.#.#####.
###o.#.#.# ##
..os.#.. #


You could see an orc warrior and an orc.

Vanquished Creatures
  Maggie (D:7)
  2 water moccasins
  A black bear (D:6)
  An orc warrior (D:6)
  2 ogres
  A centaur (D:8)
  2 bullfrogs
  A scorpion (D:5)
  An electric eel (D:6)
  2 howler monkeys
  3 jellies
  2 orc priests
  2 hounds
  A sleepcap (D:4)
  An iguana (D:5)
  5 orc wizards
  Robin (D:3)
  4 gnolls (D:3)
  6 adders
  A white imp (D:8)
  3 worms
  2 dart slugs
  26 orcs
  9 bats
  5 endoplasms
  7 giant cockroaches
  19 goblins
  11 hobgoblins
  6 jackals
  4 kobolds
  6 quokkas
  6 ball pythons
  A frilled lizard (D:2)
  9 rats
  A spectral orc (D:3)
155 creatures vanquished.

Vanquished Creatures (others)
  An orc wizard (D:7)
1 creature vanquished.

Grand Total: 156 creatures vanquished

Notes
Turn   | Place    | Note
-------+----------+-------------------------------------------
     0 | D:1      | growler the Tengu Air Elementalist began the quest for the
                  | Orb.
     0 | D:1      | Reached XP level 1. HP: 10/10 MP: 4/4
   230 | D:1      | Reached XP level 2. HP: 10/15 MP: 0/6
   233 | D:1      | Learned a level 2 spell: Static Discharge
   640 | D:1      | Reached XP level 3. HP: 19/19 MP: 5/7
   644 | D:1      | Learned a level 3 spell: Swiftness
  1987 | D:2      | Reached XP level 4. HP: 24/24 MP: 6/9
  2061 | D:2      | Found Ylustrap's Assorted Antiques.
  2116 | D:2      | Found Raruraeng's Book Emporium.
  2153 | D:2      | Reached skill level 5 in Air Magic
  2176 | D:2      | Found Reed's Magic Scroll Boutique.
  2177 | D:2      | Found Idwaaruff's Antique Armour Shoppe.
  2231 | D:2      | Found Dugaf's Distillery.
  2694 | D:3      | Gained mutation: Your magical nature lets you fly swiftly
                  | and evasively. [Tengu growth]
  2694 | D:3      | Reached XP level 5. HP: 16/28 MP: 1/10
  2902 | D:3      | Learned a level 4 spell: Airstrike
  3145 | D:3      | Noticed Robin
  3310 | D:3      | Killed Robin
  3704 | D:3      | Reached XP level 6. HP: 16/32 MP: 3/12
  3709 | D:3      | Reached skill level 6 in Air Magic
  3826 | D:3      | Found a basalt altar of Yredelemnul.
  3850 | D:3      | Found Qidukilla's Armour Shoppe.
  4491 | D:4      | Found a staircase to the Ecumenical Temple.
  4501 | Temple   | Entered the Ecumenical Temple
  4692 | D:4      | Found Honnipus's CLEARANCE SALE!.
  5147 | D:4      | Reached skill level 5 in Conjurations
  5641 | D:5      | Entered Level 5 of the Dungeon
  5982 | D:5      | Reached XP level 7. HP: 33/36 MP: 7/14
  6128 | D:5      | Reached skill level 7 in Air Magic
  6249 | D:5      | Found Fearer's Neck Hole.
  6426 | D:5      | You are sucked into a shaft and drop 3 floors!
  6640 | D:8      | Reached skill level 5 in Spellcasting
  6713 | D:8      | Reached skill level 8 in Air Magic
  6713 | D:8      | Reached XP level 8. HP: 39/41 MP: 9/16
  6846 | D:8      | Found a staircase to the Lair.
  6860 | D:7      | Found Vehen's Distillery.
  6896 | D:7      | Noticed Maggie
  6906 | D:7      | Killed Maggie
  6959 | D:7      | Found a shimmering altar of Xom.
  7136 | D:6      | Found an opulent altar of Gozag.
  7993 | D:6      | Found a white marble altar of Elyvilon.
  8000 | D:6      | Identified the +6 flail "Mudghay" {protect, Dex+4}
  8028 | D:6      | Reached skill level 9 in Air Magic
  8207 | D:6      | Reached skill level 1 in Shields
  8553 | D:6      | Reached XP level 9. HP: 44/52 MP: 12/19
  9088 | D:7      | Slain by an orc warrior

Illustrated notes

Levels and vault maps discovered:
D:1:      nicolae_arrival_memento_mori, layout_basic
D:2:      layout_loops_ring, serial_shops, shop, nicolae_shop_tiny_glass, shop,
          shop, shop, amcnicky_mini_corridor_feature,
          amcnicky_mini_rare_corridor_liquid, minivault_4,
          kennysheep_generic_room_8
D:3:      kennysheep_goblin_castle, layout_loops_ring,
          yredelemnul_forgotten_temple_becter, serial_shops, shop,
          minmay_misc_feat_five
D:4:      layout_gridville, minmay_temple_entry_junction, serial_forest,
          infiniplex_forest_clump_tiny, infiniplex_forest_clump_tiny,
          infiniplex_forest_end_double, infiniplex_forest_straight_1,
          infiniplex_forest_lined_room_3, nicolae_shop_clearance
D:5:      layout_layer_cave, nicolae_shop_sticking_my_neck_out
D:6:      layout_basic, nicolae_elyvilon_temple_path,
          mainiacjoe_overflow_six_doors_small
D:7:      layout_loops_cross, xom_teletrap_fun,
          nicolae_hepliaklqana_ecumenical_no_more, serial_shops,
          nicolae_diamond_shop, nicolae_inconvenience_store, shop, shop,
          nicolae_shop_stone, nicolae_ossuary_entry_giza, uniq_maggie
D:8:      cheibrodos_helix_gallery, layout_loops_cross, lair_entry_dummy
Temple:   nicolae_temple_bog_church

Skill      XL: |  1  2  3  4  5  6  7  8  9 |
---------------+----------------------------+-----
Conjurations   | 2 3 4 5 6 |  6.0
Air Magic      | 5 6 8 9 |  9.8
Spellcasting   | 3 4 5 6 |  6.0
Fighting       | 3 4 |  4.2
Shields        | 2 |  2.6
Dodging        | |  2.1
Stealth        | |  2.0

Action                     |  1- 3 |  4- 6 |  7- 9 || total
---------------------------+-------+-------+-------++-------
  Melee: Unarmed           |    10 |     1 |       ||    11
         Kick              |     5 |     8 |     6 ||    19
         Peck              |     2 |     3 |     1 ||     6
         Dagger            |       |    23 |    12 ||    35
   Cast: Shock             |    95 |   133 |    87 ||   315
         Static Discharge  |       |    13 |    17 ||    30
         Airstrike         |       |     2 |    13 ||    15
         Swiftness         |       |       |     1 ||     1
  Evoke: Wand              |       |       |     2 ||     2
    Use: Scroll            |     4 |     5 |     3 ||    12
         Potion            |       |       |     1 ||     1
 Armour: Robe              |     2 |     6 |     9 ||    17
  Dodge: Dodged            |    18 |    33 |    37 ||    88
  Block: Buckler           |       |       |     3 ||     3
